 Dungeon Crawl Stone Soup version 0.29.0-4-gdea44cf6ec (webtiles) character file.

Game seed: 12802361877083367356

10305 qw the Grappler (level 11, -1/102 HPs)
             Began as a Troll Cinder Acolyte on Aug 30, 2022.
             Was a Follower of Ignis.
             Slain by a wolf (3 damage)
             ... on level 2 of the Lair of Beasts.
             The game lasted 00:04:03 (7501 turns).

qw the Grappler (Troll Cinder Acolyte)              Turns: 7501, Time: 00:04:04

Health: -1/102     AC: 16    Str: 28    XL:     11   Next: 34%
Magic:  11/11      EV:  6    Int: 10    God:    Ignis [*.....]
Gold:   571        SH: 13    Dex:  5    Spells: 12/12 levels left

rFire   + . .      SeeInvis .     - Unarmed
rCold   . . .      Faith    .   m - +0 tower shield
rNeg    . . .      Spirit   .   h - +0 swamp dragon scales
rPois   +          Reflect  .   (helmet restricted)
rElec   .          Harm     .   (no cloak)
rCorr   .          Rampage  .   (gloves unavailable)
Will    .....                   (boots unavailable)
Stlth   ..........              (no amulet)
HPRegen 1.07/turn               (no ring)
MPRegen 0.12/turn               (no ring)

@: fiery-armoured, slowed, very slow
A: large, unfitting armour, claws 3, regeneration 1, shaggy fur 1, tough skin 1
a: Renounce Religion, Fiery Armour, Foxfire Swarm, Rising Flame


You were on level 2 of the Lair of Beasts.
You worshipped Ignis.
Ignis was aware of your devotion.
You visited 2 branches of the dungeon, and saw 10 of its levels.

You collected 571 gold pieces.


Innate Abilities, Weirdness & Mutations

You are too large for most types of armour.
You have claws for hands.
Your natural rate of healing is unusually fast.
You are covered in fur. (AC +1)
You have tough skin. (AC +1)


   Skills:
 - Level 5.0 Fighting
 - Level 1.0 Throwing
 - Level 2.0 Armour
 - Level 2.3 Dodging
 + Level 10.1 Shields
 - Level 12.7 Unarmed Combat
 - Level 1.0 Spellcasting
 - Level 2.1 Fire Magic


You had 12 spell levels left.
You didn't know any spells.
Your spell library contained the following spells:

 Spells                   Type           Power      Damage    Failure   Level
 Scorch                   Fire           8%         2d5       77%         2

Inventory:

Missiles
 g - 6 boomerangs (quivered)
Armour
 h - +0 swamp dragon scales (worn)
 m - a +0 tower shield (worn)
Jewellery
 b - a ring of fire
Scrolls
 d - 2 scrolls of identify
 j - a scroll of enchant weapon
Potions
 a - a potion of resistance
 c - 2 potions of might
 e - a potion of mutation
 f - a potion of curing
 i - 2 potions of haste
 n - 2 potions of heal wounds {unknown}

Dungeon Overview and Level Annotations

Branches:
Dungeon (8/15)             Temple (0/1) D:7            Lair (2/5) D:8
  Swamp (0/4) Lair:2
  Snake: Lair:2-3    Spider: Lair:2-3

Altars:
Fedhas
Gozag
Makhleb
Qazlal
Trog
Uskayaw
Vehumet
Wu Jian
Xom

Shops:
D:4 [   D:8 *

Annotations:
D:2 1 runed translucent door, Crazy Yiuf
Lair:2 Erica


Message History

The wolf bites you but does no damage.
The wolf is burned by your cloak of flames.
The wolf is severely wounded.
You block the wolf's attack. x2; The wolf bites you but does no damage.
The wolf is burned by your cloak of flames.
The wolf is severely wounded.
The wolf bites you. You block the wolf's attack. The wolf barely misses you.
The wolf closely misses you. The wolf bites you but does no damage.
The wolf is burned by your cloak of flames.
The wolf is severely wounded.
The wolf bites you.
The wolf is burned by your cloak of flames.
The wolf is almost dead.
You block the wolf's attack. x2; The wolf bites you but does no damage.
The wolf is burned by your cloak of flames.
The wolf is heavily wounded.
The wolf bites you!
The wolf is burned by your cloak of flames.
The wolf is severely wounded.
You block the wolf's attack. The wolf bites you but does no damage.
The wolf is burned by your cloak of flames.
The wolf is lightly wounded.
The wolf bites you but does no damage.
The wolf is burned by your cloak of flames.
You kill the wolf!
You closely miss the wolf.
The wolf is almost dead.
Your surroundings suddenly seem different.
Found a scroll of fog.
The wolf howls!
The wolf bites you!
The wolf is burned by your cloak of flames.
The wolf is severely wounded.
You scratch the wolf.
You kill the wolf!
The wolf bites you.
The wolf is burned by your cloak of flames.
The wolf is almost dead.
You block the wolf's attack. The wolf bites you.
You die...

#h¤~>¤~..#
##.7¤¤¤7 .
#%.h¤¤7..#
..#.h¤¤.¤..#
.....>.....####
......h.h#.P#
......##h####
......###h###
....P#...h@.#
............#
#...##.?.#..#
#...#.##.
.....## ## ...#
... ..


You could see 6 wolves.

Vanquished Creatures
  A bog body (Lair:2)
  3 cane toads (Lair:1)
  Maggie (D:6)
  2 komodo dragons
  A polar bear (Lair:1)
  Grinder (D:3)
  13 blink frogs (Lair:1)
  Sigmund (D:3)
  A wyvern (D:8)
  10 yaks
  A steam dragon (D:8)
  A water moccasin (D:7)
  3 orc warriors
  3 sky beasts
  A black bear (D:8)
  2 ice beasts
  6 wolves
  An ogre (D:7)
  A centaur (D:8)
  An elf zombie (D:7)
  6 bullfrogs
  An elf skeleton (D:7)
  A scorpion (D:3)
  3 wights (D:7)
  4 killer bees (D:7)
  4 hounds
  7 orc priests
  3 jellies
  2 human zombies (D:7)
  Natasha (twice) (D:3)
  9 orc wizards
  A human skeleton (D:7)
  Robin (D:3)
  10 gnolls
  7 adders
  3 white imps
  2 ufetubi (D:6)
  2 worms
  4 dart slugs
  37 orcs
  6 ball pythons
  2 endoplasms
  A giant cockroach (D:2)
  4 hobgoblins
  4 jackals (D:3)
  4 kobolds
  2 quokkas
  4 bats
  15 goblins
  An orc zombie (D:7)
  A rat (D:3)
207 creatures vanquished.

Vanquished Creatures (others)
  A wizard (D:5)
  An orc (D:5)
  2 fungi (Lair:1)
  28 plants
32 creatures vanquished.

Grand Total: 239 creatures vanquished

Notes
Turn   | Place    | Note
-------+----------+-------------------------------------------
     0 | D:1      | qw the Troll Cinder Acolyte began the quest for the Orb.
     0 | D:1      | Reached XP level 1. HP: 22/22 MP: 1/1
     0 | D:1      | 0 ||| qw: Version: 0.1-a-97-g2dd2ca4
     0 | D:1      | 0 ||| qw: Game counter: 4467
     0 | D:1      | 0 ||| qw: Always use a shield: true
     0 | D:1      | 0 ||| qw: God list: Okawaru
     0 | D:1      | 0 ||| qw: Allow faded altars: false
     0 | D:1      | 0 ||| qw: Do Orc after D:15 true
     0 | D:1      | 0 ||| qw: Do second Lair branch before Depths: true
     0 | D:1      | 0 ||| qw: Lair rune preference: random
     0 | D:1      | 0 ||| qw: Plans: Normal
     0 | D:1      | 0 ||| PLANNING D:1-11
   129 | D:1      | 129 ||| Stepping ~*~*~tactically~*~*~ (hiding).
   374 | D:1      | Reached XP level 2. HP: 29/29 MP: 2/2
   768 | D:1      | 768 ||| READING 3 scrolls labelled NUIGEA COHO.
   769 | D:1      | 769 ||| READING scroll labelled ELUIMAITATS.
   770 | D:1      | 770 ||| READING scroll labelled RELUIT AFEE.
   774 | D:1      | 774 ||| READING 2 scrolls of identify.
   774 | D:1      | 774 ||| IDENTIFYING amethyst potion
   812 | D:2      | 812 ||| INVOKING Fiery Armour.
   819 | D:2      | Reached skill level 4 in Unarmed Combat
   819 | D:2      | Reached XP level 3. HP: 12/36 MP: 3/3
   913 | D:2      | Found a faded altar of an unknown god.
  1165 | D:2      | 1165 ||| Stepping ~*~*~tactically~*~*~ (stealth).
  1183 | D:2      | Found a stormy altar of Qazlal.
  1237 | D:2      | Reached skill level 5 in Unarmed Combat
  1237 | D:2      | Reached XP level 4. HP: 43/44 MP: 4/4
  1497 | D:2      | Found a runed translucent door.
  1498 | D:2      | Noticed Crazy Yiuf
  1501 | D:2      | 1501 ||| READING scroll labelled ROTIMI YCRE.
  1502 | D:2      | 1502 ||| READING scroll labelled YLOD BOD MIO.
  1541 | D:3      | Noticed Grinder
  1556 | D:3      | 1556 ||| INVOKING Fiery Armour.
  1556 | D:3      | HP: 11/44 [Grinder (2)]
  1557 | D:3      | 1557 ||| READING scroll of teleportation.
  1558 | D:3      | Killed Grinder
  1559 | D:3      | Reached skill level 6 in Unarmed Combat
  1559 | D:3      | Reached XP level 5. HP: 6/50 MP: 5/5
  1559 | D:3      | Reached XP level 6. HP: 8/59 MP: 6/6
  1564 | D:3      | Reached skill level 7 in Unarmed Combat
  1637 | D:3      | Noticed Robin
  1639 | D:3      | 1639 ||| Stepping ~*~*~tactically~*~*~ (outnumbered).
  1640 | D:3      | 1640 ||| Stepping ~*~*~tactically~*~*~ (outnumbered).
  1641 | D:3      | 1641 ||| Stepping ~*~*~tactically~*~*~ (outnumbered).
  1642 | D:3      | 1642 ||| Stepping ~*~*~tactically~*~*~ (outnumbered).
  1643 | D:3      | 1643 ||| Stepping ~*~*~tactically~*~*~ (hiding).
  1644 | D:3      | 1644 ||| Stepping ~*~*~tactically~*~*~ (hiding).
  1645 | D:3      | 1645 ||| Stepping ~*~*~tactically~*~*~ (hiding).
  1646 | D:3      | 1646 ||| Stepping ~*~*~tactically~*~*~ (hiding).
  1647 | D:3      | 1647 ||| Stepping ~*~*~tactically~*~*~ (outnumbered).
  1648 | D:3      | 1648 ||| Stepping ~*~*~tactically~*~*~ (outnumbered).
  1649 | D:3      | 1649 ||| Stepping ~*~*~tactically~*~*~ (outnumbered).
  1650 | D:3      | 1650 ||| Stepping ~*~*~tactically~*~*~ (outnumbered).
  1651 | D:3      | 1651 ||| Stepping ~*~*~tactically~*~*~ (outnumbered).
  1657 | D:3      | 1657 ||| Stepping ~*~*~tactically~*~*~ (outnumbered).
  1662 | D:3      | Killed Robin
  1721 | D:3      | 1721 ||| INVOKING Fiery Armour.
  1723 | D:3      | 1723 ||| Stepping ~*~*~tactically~*~*~ (outnumbered).
  1725 | D:3      | 1725 ||| Stepping ~*~*~tactically~*~*~ (outnumbered).
  1790 | D:3      | Noticed Sigmund
  1796 | D:3      | Killed Sigmund
  1797 | D:3      | Reached skill level 8 in Unarmed Combat
  1852 | D:3      | Noticed Natasha
  1866 | D:3      | Killed Natasha
  1867 | D:3      | Reached XP level 7. HP: 55/66 MP: 7/7
  1935 | D:3      | Noticed Natasha
  1936 | D:3      | 1936 ||| Stepping ~*~*~tactically~*~*~ (stealth).
  1937 | D:3      | 1937 ||| Stepping ~*~*~tactically~*~*~ (stealth).
  1939 | D:3      | 1939 ||| Stepping ~*~*~tactically~*~*~ (hiding).
  1945 | D:3      | Killed Natasha
  1960 | D:3      | 1960 ||| READING scroll labelled ICWUDA ICIXOET.
  1969 | D:4      | 1969 ||| STAIRDANCE
  1973 | D:3      | Reached skill level 3 in Fighting
  1991 | D:4      | Identified the +2 leather armour "Arezin" {rPois rCorr}
  2155 | D:4      | 2155 ||| Stepping ~*~*~tactically~*~*~ (hiding).
  2207 | D:4      | 2207 ||| Stepping ~*~*~tactically~*~*~ (hiding).
  2217 | D:4      | 2217 ||| Stepping ~*~*~tactically~*~*~ (outnumbered).
  2425 | D:4      | Found Kirsasp's Dragon-Slaying Spoils.
  2433 | D:4      | 2433 ||| SHOPLISTING +0 acid dragon scales (440 gold, have
                  | 212).
  2433 | D:4      | 2433 ||| SHOPLISTING +0 fire dragon scales (660 gold, have
                  | 212).
  2433 | D:4      | 2433 ||| SHOPLISTING +0 gold dragon scales (880 gold, have
                  | 212).
  2433 | D:4      | 2433 ||| SHOPLISTING +0 ice dragon scales (660 gold, have
                  | 212).
  2433 | D:4      | 2433 ||| SHOPLISTING +0 shadow dragon scales (880 gold,
                  | have 212).
  2433 | D:4      | 2433 ||| SHOPLISTING +0 steam dragon scales (440 gold, have
                  | 212).
  2433 | D:4      | 2433 ||| SHOPLISTING +0 storm dragon scales (880 gold, have
                  | 212).
  2433 | D:4      | 2433 ||| SHOPLISTING +0 swamp dragon scales (550 gold, have
                  | 212).
  2433 | D:4      | 2433 ||| SHOPLISTING +2 pearl dragon scales (1192 gold,
                  | have 212).
  2433 | D:4      | 2433 ||| SHOPLISTING quicksilver dragon scales (660 gold,
                  | have 212).
  2646 | D:4      | 2646 ||| READING scroll labelled PYOFIU ICKESM.
  2647 | D:4      | 2647 ||| READING scroll labelled YKEERGH OSTOO.
  2648 | D:4      | 2648 ||| DRINKING 2 cyan potions.
  2753 | D:4      | 2753 ||| READING 4 scrolls of identify.
  2753 | D:4      | 2753 ||| IDENTIFYING fizzy white potion
  2754 | D:4      | 2754 ||| READING 3 scrolls of identify.
  2754 | D:4      | 2754 ||| IDENTIFYING golden potion
  2755 | D:4      | 2755 ||| READING 2 scrolls of identify.
  2755 | D:4      | 2755 ||| IDENTIFYING smoky green potion
  2756 | D:4      | 2756 ||| DROPPING potion of ambrosia.
  2757 | D:4      | 2757 ||| DROPPING potion of berserk rage.
  2777 | D:5      | Entered Level 5 of the Dungeon
  2894 | D:5      | Noticed a yak
  2894 | D:5      | Noticed a yak
  2894 | D:5      | Noticed a yak
  2894 | D:5      | Noticed a yak
  2895 | D:5      | Noticed a yak
  2896 | D:5      | Noticed a yak
  2896 | D:5      | 2896 ||| INVOKING Fiery Armour.
  2898 | D:5      | 2898 ||| Stepping ~*~*~tactically~*~*~ (stealth).
  2899 | D:5      | 2899 ||| Stepping ~*~*~tactically~*~*~ (stealth).
  2902 | D:5      | Killed a yak
  2903 | D:5      | Reached skill level 9 in Unarmed Combat
  2908 | D:5      | Killed a yak
  2909 | D:5      | Reached XP level 8. HP: 39/75 MP: 8/8
  2918 | D:5      | HP: 14/75 [gnoll/+0 spear (6)]
  2919 | D:5      | 2919 ||| READING scroll of teleportation.
  2919 | D:5      | HP: 5/75 [gnoll/+0 spear (3)]
  2924 | D:5      | 2924 ||| Stepping ~*~*~tactically~*~*~ (outnumbered).
  2924 | D:5      | HP: 4/75 [gnoll/+0 spear (3)]
  2928 | D:5      | Reached skill level 10 in Unarmed Combat
  3016 | D:5      | 3016 ||| DRINKING potion of curing.
  3016 | D:5      | 3016 ||| (to cure confusion)
  3017 | D:5      | 3017 ||| Stepping ~*~*~tactically~*~*~ (outnumbered).
  3237 | D:5      | 3237 ||| Stepping ~*~*~tactically~*~*~ (stealth).
  3239 | D:5      | 3239 ||| Stepping ~*~*~tactically~*~*~ (stealth).
  3246 | D:5      | Found a bloodstained altar of Trog.
  3259 | D:5      | 3259 ||| Stepping ~*~*~tactically~*~*~ (stealth).
  3310 | D:5      | Found a radiant altar of Vehumet.
  3311 | D:5      | Found a blossoming altar of Fedhas.
  3384 | D:5      | Noticed a wizard
  3390 | D:5      | Killed a wizard
  3491 | D:5      | 3491 ||| Stepping ~*~*~tactically~*~*~ (stealth).
  3493 | D:5      | 3493 ||| Stepping ~*~*~tactically~*~*~ (stealth).
  3499 | D:5      | 3499 ||| Stepping ~*~*~tactically~*~*~ (hiding).
  3501 | D:5      | 3501 ||| INVOKING Fiery Armour.
  3526 | D:5      | 3526 ||| DROPPING ring of wizardry.
  3527 | D:5      | 3527 ||| READING scroll labelled RUDUEDW ED FIULASI.
  3528 | D:5      | 3528 ||| READING 2 scrolls of identify.
  3528 | D:5      | 3528 ||| IDENTIFYING sedimented clear potion
  3529 | D:5      | 3529 ||| DROPPING potion of magic.
  3530 | D:5      | 3530 ||| Stepping randomly (stuck).
  3531 | D:5      | 3531 ||| Stepping ~*~*~tactically~*~*~ (cloud).
  3584 | D:5      | 3584 ||| READING 2 scrolls of identify.
  3584 | D:5      | 3584 ||| IDENTIFYING metallic ruby potion
  3660 | D:6      | 3660 ||| Stepping ~*~*~tactically~*~*~ (stealth).
  3662 | D:6      | 3662 ||| Stepping ~*~*~tactically~*~*~ (stealth).
  3698 | D:6      | Reached skill level 1 in Throwing
  3702 | D:6      | 3702 ||| Stepping ~*~*~tactically~*~*~ (stealth).
  3703 | D:6      | 3703 ||| Stepping ~*~*~tactically~*~*~ (stealth).
  3717 | D:6      | Reached XP level 9. HP: 83/85 MP: 9/9
  3747 | D:6      | 3747 ||| Stepping ~*~*~tactically~*~*~ (stealth).
  3753 | D:6      | 3753 ||| Stepping ~*~*~tactically~*~*~ (hiding).
  3755 | D:6      | 3755 ||| Stepping ~*~*~tactically~*~*~ (hiding).
  3762 | D:6      | 3762 ||| Stepping ~*~*~tactically~*~*~ (stealth).
  3776 | D:6      | Reached skill level 11 in Unarmed Combat
  3798 | D:6      | 3798 ||| Stepping ~*~*~tactically~*~*~ (stealth).
  3803 | D:6      | 3803 ||| Stepping ~*~*~tactically~*~*~ (stealth).
  3925 | D:6      | Noticed Maggie
  3933 | D:6      | Killed Maggie
  4321 | D:6      | Found an opulent altar of Gozag.
  4502 | D:6      | 4502 ||| UPGRADING to +0 swamp dragon scales.
  4512 | D:6      | 4512 ||| DROPPING +0 robe.
  4513 | D:6      | 4513 ||| READING 2 scrolls labelled UFFILEX BEP.
  4514 | D:6      | 4514 ||| READING scroll labelled LAMUFU SABLE.
  4515 | D:6      | 4515 ||| READING 3 scrolls of identify.
  4515 | D:6      | 4515 ||| IDENTIFYING glowing puce potion
  4516 | D:6      | 4516 ||| READING 2 scrolls of identify.
  4516 | D:6      | 4516 ||| IDENTIFYING white potion
  4517 | D:6      | 4517 ||| DROPPING potion of degeneration.
  4518 | D:6      | 4518 ||| DROPPING potion of flight.
  4519 | D:6      | 4519 ||| DROPPING scroll of fear.
  4562 | D:7      | 4562 ||| PLANNING OSSUARY
  4591 | D:7      | Reached skill level 1 in Armour
  4608 | D:7      | 4608 ||| INVOKING Fiery Armour.
  4693 | D:7      | 4693 ||| Stepping ~*~*~tactically~*~*~ (stealth).
  4759 | D:7      | 4759 ||| Stepping ~*~*~tactically~*~*~ (outnumbered).
  4760 | D:7      | 4760 ||| Stepping ~*~*~tactically~*~*~ (outnumbered).
  4761 | D:7      | 4761 ||| Stepping ~*~*~tactically~*~*~ (outnumbered).
  4762 | D:7      | 4762 ||| Stepping ~*~*~tactically~*~*~ (outnumbered).
  4764 | D:7      | 4764 ||| Stepping ~*~*~tactically~*~*~ (outnumbered).
  4788 | D:7      | Found a staircase to the Ecumenical Temple.
  4876 | D:7      | Reached skill level 12 in Unarmed Combat
  5177 | D:7      | 5177 ||| RIP OSSUARY
  5186 | D:7      | 5186 ||| PLANNING D:1-11
  5504 | D:7      | Found an ornate altar of the Wu Jian Council.
  5575 | D:7      | 5575 ||| UPGRADING to +0 tower shield.
  5580 | D:7      | 5580 ||| READING scroll labelled TUNYIG MEMPELI.
  5581 | D:7      | 5581 ||| READING 2 scrolls of identify.
  5581 | D:7      | 5581 ||| IDENTIFYING green potion
  5582 | D:7      | 5582 ||| DROPPING potion of lignification.
  5625 | D:8      | Reached skill level 1 in Shields
  5629 | D:8      | Reached XP level 10. HP: 60/96 MP: 10/10
  5672 | D:8      | 5672 ||| Stepping ~*~*~tactically~*~*~ (outnumbered).
  5684 | D:8      | Found a stormy altar of Qazlal.
  5689 | D:8      | Found Faajushra's General Store.
  5713 | D:8      | Found a staircase to the Lair.
  5731 | D:8      | 5731 ||| INVOKING Fiery Armour.
  5914 | D:8      | 5914 ||| Stepping ~*~*~tactically~*~*~ (hiding).
  6034 | D:8      | Reached skill level 3 in Shields
  6146 | D:8      | Found a burning altar of Makhleb.
  6186 | D:8      | Found a hide-covered altar of Uskayaw.
  6198 | D:8      | Found a shimmering altar of Xom.
  6547 | D:8      | 6547 ||| Stepping ~*~*~tactically~*~*~ (outnumbered).
  6550 | D:8      | 6550 ||| Stepping ~*~*~tactically~*~*~ (outnumbered).
  6551 | D:8      | 6551 ||| Stepping ~*~*~tactically~*~*~ (outnumbered).
  6552 | D:8      | 6552 ||| Stepping ~*~*~tactically~*~*~ (outnumbered).
  6553 | D:8      | 6553 ||| Stepping ~*~*~tactically~*~*~ (outnumbered).
  6554 | D:8      | 6554 ||| Stepping ~*~*~tactically~*~*~ (outnumbered).
  6556 | D:8      | 6556 ||| Stepping ~*~*~tactically~*~*~ (outnumbered).
  6565 | D:8      | 6565 ||| INVOKING Fiery Armour.
  6751 | D:8      | 6751 ||| PLANNING LAIR
  6751 | D:8      | 6751 ||| READING 2 scrolls of identify.
  6751 | D:8      | 6751 ||| IDENTIFYING sedimented emerald potion
  6774 | Lair:1   | Entered Level 1 of the Lair of Beasts
  6775 | Lair:1   | 6775 ||| INVOKING Fiery Armour.
  6782 | Lair:1   | 6782 ||| Stepping ~*~*~tactically~*~*~ (outnumbered).
  6783 | Lair:1   | 6783 ||| Stepping ~*~*~tactically~*~*~ (outnumbered).
  6801 | Lair:1   | Reached skill level 6 in Shields
  6803 | Lair:1   | HP: 16/96 [blink frog (11)]
  6808 | Lair:1   | 6808 ||| READING 2 scrolls of teleportation.
  6809 | Lair:1   | HP: 14/96 [blink frog (11)]
  6952 | Lair:1   | 6952 ||| INVOKING Fiery Armour.
  7022 | Lair:1   | Reached XP level 11. HP: 102/102 MP: 11/11
  7041 | Lair:1   | 7041 ||| Stepping ~*~*~tactically~*~*~ (stealth).
  7151 | Lair:1   | 7151 ||| Stepping ~*~*~tactically~*~*~ (outnumbered).
  7152 | Lair:1   | 7152 ||| Stepping ~*~*~tactically~*~*~ (outnumbered).
  7154 | Lair:1   | 7154 ||| Stepping ~*~*~tactically~*~*~ (outnumbered).
  7167 | Lair:1   | Reached skill level 9 in Shields
  7221 | Lair:1   | 7221 ||| Stepping ~*~*~tactically~*~*~ (stealth).
  7485 | Lair:1   | You fall into a shaft and drop 1 floor!
  7485 | Lair:2   | Noticed a bog body
  7485 | Lair:2   | Found a staircase to the Swamp.
  7486 | Lair:2   | Noticed Erica
  7487 | Lair:2   | 7487 ||| INVOKING Fiery Armour.
  7489 | Lair:2   | 7489 ||| Stepping ~*~*~tactically~*~*~ (outnumbered).
  7491 | Lair:2   | 7491 ||| Stepping ~*~*~tactically~*~*~ (outnumbered).
  7495 | Lair:2   | Killed a bog body
  7497 | Lair:2   | HP: 25/102 [wolf (2)]
  7498 | Lair:2   | 7498 ||| READING scroll of teleportation.
  7498 | Lair:2   | HP: 9/102 [wolf (7)]
  7500 | Lair:2   | HP: 3/102 [wolf (9)]
  7501 | Lair:2   | Slain by a wolf

Levels and vault maps discovered:
D:1:      psy_arrival_radial01, layout_basic, hangedman_decor_growths,
          chequers_serial_rivers_room_b
D:2:      layout_loops_ring, ebering_ecumenical_altar_box, basic_altar,
          uniq_crazy_yiuf_cottage
D:3:      layout_rooms, uniq_grinder, uniq_sigmund, uniq_natasha, uniq_robin
D:4:      layout_layer_cave, nicolae_shop_dragon_depot
D:5:      layout_basic, trog_wizard, gammafunk_temple_overflow_wave
D:6:      layout_loops_ring, nicolae_gozag_cash_rules_everything_around_me,
          uniq_maggie
D:7:      layout_gridville, nicolae_wu_jian_glorious_leap, temple_pool_b,
          nicolae_ossuary_entry_catacombs, hangedman_abyss_or_decor_stagger
D:8:      layout_gridville, nicolae_overflow_quartered_altars,
          david_lair_shrubbed, serial_shops, shop, nicolae_lava_and_water
Lair:1:   layout_roguey
Lair:2:   layout_cave_shapes, skrybe_swamp_entry_bodies, serial_bayou_shore_a,
          serial_bayou_shore_b, lemuel_fruit_tree, uniq_erica

Skill      XL: |  1  2  3  4  5  6  7  8  9 10 11 |
---------------+----------------------------------+-----
Unarmed Combat | 4 5 6 8 9 10 12 | 12.7
Fighting       | 3 4 5 |  5.0
Dodging        | 2 |  2.3
Throwing       | 1 |  1.0
Armour         | 2 |  2.0
Shields        | 1 8 10 | 10.1
Spellcasting   | |  1.0
Fire Magic     | |  2.1

Action                   |  1- 3 |  4- 6 |  7- 9 | 10-12 || total
-------------------------+-------+-------+-------+-------++-------
Melee: Unarmed           |    40 |    63 |   290 |   170 ||   563
       Punch             |       |     2 |    12 |       ||    14
Throw: Boomerang         |       |       |    54 |    41 ||    95
Invok: Fiery Armour      |     1 |     2 |     3 |     5 ||    11
  Use: Scroll            |     4 |     3 |    16 |     3 ||    26
       Potion            |       |       |     2 |       ||     2
Armor: Robe              |    16 |    20 |    41 |       ||    77
       Swamp dragon scal |       |       |    36 |    81 ||   117
Dodge: Dodged            |    13 |    39 |    99 |    40 ||   191
Block: Tower shield      |       |       |     2 |   129 ||   131

Table legend:
 A = Non-vault XP
 B = Vault XP
 C = Vault XP percentage of total XP
 D = Non-vault monster count
 E = Vault monster count
 F = Vault count percentage of total count
                 A         B        C        D         E       F
            +---------+---------+-------+---------+---------+-------
      Total |   12509 |    2332 |  15.7 |     183 |      24 |  11.6
            +---------+---------+-------+---------+---------+-------
        D:1 |      14 |       0 |   0.0 |       7 |       0 |   0.0
        D:2 |      98 |       0 |   0.0 |      14 |       0 |   0.0
        D:3 |     166 |     588 |  78.0 |      17 |      15 |  46.9
        D:4 |     104 |       0 |   0.0 |      15 |       0 |   0.0
        D:5 |    1707 |       0 |   0.0 |      33 |       0 |   0.0
        D:6 |     684 |     389 |  36.3 |      19 |       1 |   5.0
        D:7 |    1263 |     291 |  18.7 |      25 |       6 |  19.4
        D:8 |    1170 |     355 |  23.3 |      20 |       1 |   4.8
     Lair:1 |    6949 |       0 |   0.0 |      30 |       0 |   0.0
     Lair:2 |     354 |     709 |  66.7 |       3 |       1 |  25.0
            +---------+---------+-------+---------+---------+-------
